 Dungeon Crawl Stone Soup version 0.18-a0-1166-g6e2d2a0 (webtiles) character file.

670 Mysteryquy the Firebug (level 7, -10/50 HPs)
             Began as a Demigod Fire Elementalist on Jan 26, 2016.
             Killed by divine providence
             ... invoked by an orc priest
              (13 damage)
             ... on level 4 of the Dungeon.
             The game lasted 00:13:15 (5608 turns).

Mysteryquy the Firebug (Demigod Fire Elementalist)  Turns: 5608, Time: 00:13:15

Health: -10/50     AC:  3    Str: 11    XL:     7   Next: 10%
Magic:  4/16       EV: 13    Int: 23    God:
Gold:   228        SH:  0    Dex: 16    Spells: 2 memorised, 10 levels left

rFire  . . .     SeeInvis .     w - +4 dagger (venom)
rCold  . . .     Gourm    .     a - +0 robe
rNeg   . . .     Faith    .     (no shield)
rPois  .         Spirit   .     h - +0 helmet
rElec  .         Dismiss  .     (no cloak)
rCorr  .         Reflect  .     (no gloves)
SustAt +         Harm     .     (no boots)
MR     .....                    (no amulet)
Stlth  ++........               (no ring)
                                (no ring)

@: very slightly contaminated, not resistant to hostile enchantments, unstealthy
A: high mp 1, sustain attributes
a: no special abilities


You were on level 4 of the Dungeon.
You were very hungry.

You visited 1 branch of the dungeon, and saw 5 of its levels.

You collected 228 gold pieces.

Inventory:

Hand Weapons
 k - a +0 dagger
 w - a +4 dagger of venom (weapon)
Armour
 a - a +0 robe (worn)
 h - a +0 helmet (worn)
Jewellery
 o - a +1 ring of protection {unknown}
 x - an uncursed amulet of the gourmand {unknown}
 y - an uncursed ring of protection from magic {unknown}
 z - an uncursed ring of see invisible {unknown}
Scrolls
 e - 5 scrolls of remove curse {unknown}
 f - a scroll of immolation {unknown}
 g - 4 scrolls of identify {unknown}
 i - a scroll of enchant armour {unknown}
 j - 2 scrolls of recharging {unknown}
 n - 2 scrolls of amnesia {unknown}
 p - a scroll of noise {unknown}
 u - 2 scrolls of fear {unknown}
 A - 2 scrolls of teleportation {unknown}
Potions
 l - a potion of haste {unknown}
 s - a potion of beneficial mutation {unknown}
 t - a potion of heal wounds {unknown}
 v - a potion of cure mutation {unknown}
 B - a potion of poison {unknown}
 C - a potion of curing
Books
 b - a book of Flames

   Spells                             Type                      Level
   a - Flame Tongue                   Conjuration/Fire             1
   b - Throw Flame                    Conjuration/Fire             2
   c - Conjure Flame                  Conjuration/Fire             3
   d - Inner Flame                    Hexes/Fire                   3
   e - Sticky Flame                   Conjuration/Fire             4
   f - Fireball                       Conjuration/Fire             5
 q - a book of Envenomations

   Spells                             Type                      Level
   a - Spider Form                    Transmutation/Poison         3
   b - Olgreb's Toxic Radiance        Poison                       4
   c - Alistair's Intoxication        Transmutation/Poison         5
   d - Poisonous Cloud                Conjuration/Poison/Air       6
Comestibles
 c - 2 bread rations
 d - 2 meat rations
 m - 12 fruits
 r - a beef jerky


   Skills:
 - Level 2.4 Dodging
 - Level 2.0 Stealth
 + Level 4.0 Spellcasting
 + Level 3.5 Conjurations
 + Level 5.2 Fire Magic


You had 10 spell levels left.
You knew the following spells:

 Your Spells              Type           Power        Failure   Level  Hunger
a - Flame Tongue          Conj/Fire      ###..        1%          1    None
b - Conjure Flame         Conj/Fire      ###.....     8%          3    ##.....


Dungeon Overview and Level Annotations

Branches:
Dungeon (5/15)
 Temple: D:4-7

Annotations:
D:4 Mysteryquy's ghost, amateur DgIE
D:5 Pikel


Innate Abilities, Weirdness & Mutations

You have an increased reservoir of magic (+10% MP).
Your attributes are resistant to harm.


Message History

There are monsters nearby!
Casting: Flame Tongue
Confirm with . or Enter, or press ? or * to list all spells.
Aiming: Flame Tongue
Press: ? - help, Shift-Dir - straight line, f/p - slave
Aim: a slave, wearing an animal skin (moderately wounded)
You miscast Flame Tongue.
You are very lightly contaminated with residual magic.
You have a brief vision of globes of primordial fire.
The slave hits you. The slave closely misses you. The slave hits you!
* * * LOW HITPOINT WARNING * * *
The slave hits you.
* * * LOW HITPOINT WARNING * * *
You climb upwards.
Level annotation: Mysteryquy's ghost, amateur DgIE The orc barely misses you.
The orc priest invokes the aid of Beogh against you.
Something smites you!
You die...

...### #.....[<............#
>....#
###.....)............#
##.....#...................#
##.......................##
.......................##
...................##..## .
#..............######..### .
##......p.....## ##...# #
#......p@..### ##... #
#......oo.## ##.. #........#
#.. ......o.## #..# #
.........## #..## .
........o.## #... .
...............## #...# .
............o...## #..#
.####.......#.........# ..#


You could see 2 slaves, 2 orc priests, 2 orc wizards and an orc.

Vanquished Creatures
  A slave (D:5)
  2 ogres (D:4)
  A giant frog (D:4)
  A scorpion (D:4)
  A jelly (D:3)
  3 orc wizards
  An iguana (D:4)
  2 worker ants
  9 adders
  An ooze (D:2)
  An adder skeleton (D:4)
  2 giant geckos
  10 orcs
  A ball python (D:1)
  5 giant cockroaches
  9 goblins
  10 hobgoblins
  7 jackals
  6 quokkas
  14 bats
  7 giant newts
  9 kobolds
  A quokka skeleton (D:4)
  12 rats
116 creatures vanquished.

Notes
Turn   | Place    | Note
--------------------------------------------------------------
     0 | D:1      | Mysteryquy the Demigod Fire Elementalist began the quest for the Orb.
     0 | D:1      | Reached XP level 1. HP: 14/14 MP: 5/5
   185 | D:1      | Reached skill level 3 in Fire Magic
   478 | D:1      | Reached XP level 2. HP: 20/20 MP: 5/7
   902 | D:1      | Reached skill level 1 in Conjurations
  1374 | D:2      | Found a shadowy altar of Dithmenos.
  1390 | D:2      | Reached XP level 3. HP: 26/26 MP: 6/8
  1965 | D:2      | Learned a level 3 spell: Conjure Flame
  2366 | D:3      | Reached XP level 4. HP: 27/33 MP: 0/10
  2529 | D:3      | Found a snail-covered altar of Cheibriados.
  2995 | D:3      | Reached XP level 5. HP: 21/38 MP: 2/12
  2997 | D:3      | Reached skill level 4 in Fire Magic
  3468 | D:4      | Noticed Mysteryquy's ghost (amateur DgIE)
  3784 | D:4      | Found a glowing drain.
  3983 | D:4      | Noticed an ogre
  4096 | D:4      | Reached XP level 6. HP: 45/45 MP: 6/14
  4373 | D:5      | Entered Level 5 of the Dungeon
  5037 | D:4      | Reached skill level 5 in Fire Magic
  5192 | D:4      | Reached XP level 7. HP: 43/50 MP: 6/16
  5593 | D:5      | Noticed Pikel
  5608 | D:4      | Killed from afar by an orc priest

Vault maps used:
D:1:      onia_arrival_mini_spirals
D:2:      kennysheep_flooded_box, st_stairs_11, grunt_dithmenos_smoke
D:3:      cheibriados_altar_1
D:4:      gup_sewer_entry_glass, kennysheep_big_empty_room, minmay_ogre_servants
D:5:      first_bread, guppyfry_early_orc_mine, uniq_pikel, uniq_duvessa

Action                   |  1- 3 |  4- 6 |  7- 9 || total
-------------------------+-------+-------+-------++-------
Melee: Unarmed           |    30 |       |       ||    30
       Dagger            |     1 |    22 |     1 ||    24
 Cast: Flame Tongue      |    84 |   128 |    24 ||   236
       Conjure Flame     |       |     3 |       ||     3
  Use: Potion            |       |     4 |       ||     4
  Eat: Chunk             |     5 |     9 |       ||    14
